 Dungeon Crawl Stone Soup version 0.31-a0-187-gba352fbbf7 (webtiles) character file.

Game seed: 6911400629178689010

198 qw the Skirmisher (level 5, -1/29 HPs)
             Began as a Deep Elf Hunter on June 22, 2023.
             Slain by Pikel
             ... wielding a +0 whip of freezing
              (5 damage)
             ... on level 4 of the Dungeon.
             The game lasted 00:01:07 (2411 turns).

qw the Skirmisher (Deep Elf Hunter)                 Turns: 2411, Time: 00:01:08

Health: -1/29      AC:  6    Str: 10    XL:     5   Next: 47%
Magic:  7/7        EV: 11    Int: 14    God:
Gold:   98         SH:  0    Dex: 18    Spells: 4/4 levels left

rFire   . . .        Y - +1 shortbow
rCold   . . .        (shield currently unavailable)
rNeg    . . .        f - +0 ring mail
rPois   .            (no helmet)
rElec   .            (no cloak)
rCorr   .            (no gloves)
SInv    .            g - +0 pair of boots
Will    .....        (no amulet)
Stlth   +            (no ring)
HPRegen 0.24/turn    (no ring)
MPRegen 0.10/turn

%: no passive effects
@: about to teleport
A: no striking features
a: no special abilities


You were on level 4 of the Dungeon.
You visited 1 branch of the dungeon, and saw 4 of its levels.

You collected 98 gold pieces.


   Skills:
 + Level 1.6 Fighting
 - Level 9.0 Ranged Weapons
 - Level 2.4 Dodging
 - Level 1.2 Stealth


You had 4 spell levels left.
You didn't know any spells.
Your spell library was empty.

Inventory:

Hand Weapons
 Y - a +1 shortbow (weapon)
Armour
 f - a +0 ring mail (worn)
 g - a +0 pair of boots (worn)
Jewellery
 b - a ring of poison resistance
 d - a ring of protection from fire
Scrolls
 a - 3 scrolls of identify
Potions
 h - 5 potions of curing
 j - 2 potions of heal wounds

Dungeon Overview and Level Annotations

Branches:
Dungeon (4/15)
 Temple: D:4-7

Altars:
Xom
Zin

Annotations:
D:4 Pikel


Message History

You kill the worm!
Pikel says, "You'll rust in Dis!"
You shoot an arrow. The arrow closely misses Pikel.
A lemure comes into view.
You shoot an arrow. The lemure shouts!
The arrow hits Pikel.
Pikel is moderately wounded.
You shoot an arrow. The arrow hits Pikel!
Pikel is heavily wounded.
A lemure comes into view.
You shoot an arrow.
The arrow hits Pikel but does no damage.
Pikel is heavily wounded.
Pikel barely misses you.
You shoot an arrow. The arrow hits Pikel.
Pikel is severely wounded.
Pikel hits you with a +0 whip of freezing.
Pikel freezes you.
You shoot an arrow.
The arrow hits Pikel but does no damage.
Pikel is severely wounded.
Pikel closely misses you. The lemure hits you but does no damage.
You shoot an arrow. The arrow barely misses Pikel.
Pikel says, "Antaeus said I was his favorite kobold.
Me!"
Pikel hits you with a +0 whip of freezing!
Pikel freezes you.
The lemure hits you but does no damage. x2
You shoot an arrow. The arrow hits Pikel.
Pikel is severely wounded.
Pikel hits you but does no damage. The lemure hits you but does no damage.
The lemure barely misses you.
You shoot an arrow. The arrow closely misses Pikel.
The arrow hits the lemure.
The lemure is lightly wounded.
Pikel hits you with a +0 whip of freezing.
Pikel freezes you. The lemure hits you. x2
2411 ||| READING scroll of teleportation.
As you read the scroll of teleportation, it crumbles to dust.
You feel strangely unstable.
Pikel hits you with a +0 whip of freezing.
You die...

#.# #.# #.#
## #.# ..
#.# #. #.#
#. #.#
.#####.##.#
......5@..#
#..###5K###
....5#
#....>.#
####%#.#
#.#.# #.#.#
.<#.#


You could see Pikel and 3 lemures.

Vanquished Creatures
  An orc wizard (D:3)
  A hound skeleton (D:3)
  4 adders
  3 adder zombies (D:3)
  An adder skeleton (D:3)
  3 worms
  5 dart slugs
  9 orcs
  9 bats
  7 endoplasms
  3 giant cockroaches
  6 goblins
  2 hobgoblins
  9 kobolds
  2 quokkas
  8 ball pythons
  2 ball python skeletons (D:3)
  3 frilled lizards
  8 rats
86 creatures vanquished.

Notes
Turn   | Place    | Note
-------+----------+-------------------------------------------
     0 | D:1      | qw the Deep Elf Hunter began the quest for the Orb.
     0 | D:1      | Reached XP level 1. HP: 12/12 MP: 3/3
     0 | D:1      | 0 ||| qw: Version: 0.3-a-9-g12657ce
     0 | D:1      | 0 ||| qw: Game counter: 2388
     0 | D:1      | 0 ||| qw: Always use a shield: true
     0 | D:1      | 0 ||| qw: God list: Okawaru
     0 | D:1      | 0 ||| qw: Allow faded altars: false
     0 | D:1      | 0 ||| qw: Do Orc after D:15 true
     0 | D:1      | 0 ||| qw: Do second Lair branch before Depths: true
     0 | D:1      | 0 ||| qw: Lair rune preference: random
     0 | D:1      | 0 ||| qw: Plans: Normal
     0 | D:1      | 0 ||| PLANNING D:1-11
    59 | D:1      | 59 ||| FLEEEEING.
    60 | D:1      | 60 ||| FLEEEEING.
    61 | D:1      | 61 ||| FLEEEEING.
    62 | D:1      | 62 ||| FLEEEEING.
    63 | D:1      | 63 ||| FLEEEEING.
    64 | D:1      | 64 ||| FLEEEEING.
   145 | D:1      | Reached skill level 6 in Ranged Weapons
   145 | D:1      | Reached XP level 2. HP: 16/16 MP: 4/4
   148 | D:1      | 148 ||| FLEEEEING.
   149 | D:1      | 149 ||| FLEEEEING.
   150 | D:1      | 150 ||| FLEEEEING.
   151 | D:1      | 151 ||| FLEEEEING.
   154 | D:1      | 154 ||| FLEEEEING.
   155 | D:1      | 155 ||| FLEEEEING.
   156 | D:1      | 156 ||| FLEEEEING.
   157 | D:1      | 157 ||| FLEEEEING.
   158 | D:1      | 158 ||| FLEEEEING.
   159 | D:1      | 159 ||| FLEEEEING.
   160 | D:1      | 160 ||| FLEEEEING.
   430 | D:1      | 430 ||| UPGRADING to +0 ring mail.
   440 | D:1      | 440 ||| DROPPING +0 leather armour.
   441 | D:1      | 441 ||| UPGRADING to +0 pair of boots.
   446 | D:1      | 446 ||| READING 2 scrolls labelled SOATAKH JUCOM.
   447 | D:1      | 447 ||| READING scroll labelled JATAACW ADUOT.
   448 | D:1      | 448 ||| READING scroll labelled KIECRE PICABOFOP.
   449 | D:1      | 449 ||| DRINKING 2 clear potions.
   450 | D:1      | 450 ||| DROPPING scroll of butterflies.
   558 | D:2      | Reached XP level 3. HP: 20/20 MP: 5/5
   692 | D:2      | Reached skill level 7 in Ranged Weapons
  1132 | D:2      | Reached XP level 4. HP: 25/25 MP: 6/6
  1451 | D:2      | 1451 ||| READING scroll labelled YSETUB WEAL.
  1452 | D:2      | 1452 ||| READING scroll labelled ZAMANT NOSCHAST.
  1453 | D:2      | 1453 ||| READING 3 scrolls of identify.
  1453 | D:2      | 1453 ||| IDENTIFYING lumpy yellow potion
  1627 | D:3      | Found a glowing silver altar of Zin.
  1631 | D:3      | Noticed an angel
  1637 | D:3      | Found a shimmering altar of Xom.
  1638 | D:3      | 1638 ||| READING scroll labelled VUG TIKAPEAFFU.
  1648 | D:3      | Reached skill level 8 in Ranged Weapons
  1904 | D:3      | Reached XP level 5. HP: 26/29 MP: 7/7
  2196 | D:3      | 2196 ||| READING 2 scrolls labelled QIF JYOXKIPH.
  2197 | D:3      | 2197 ||| READING scroll labelled CAR FOALAE.
  2198 | D:3      | 2198 ||| READING 4 scrolls of identify.
  2198 | D:3      | 2198 ||| IDENTIFYING amethyst potion
  2199 | D:3      | 2199 ||| DROPPING potion of degeneration.
  2200 | D:3      | 2200 ||| DROPPING scroll of noise.
  2257 | D:4      | 2257 ||| FLEEEEING.
  2258 | D:4      | 2258 ||| FLEEEEING.
  2259 | D:4      | 2259 ||| FLEEEEING.
  2320 | D:4      | Reached skill level 9 in Ranged Weapons
  2395 | D:4      | Noticed a lemure
  2396 | D:4      | Noticed Pikel
  2402 | D:4      | Noticed a lemure
  2404 | D:4      | Noticed a lemure
  2410 | D:4      | HP: 4/29 [lemure[Pikel] (5)]
  2411 | D:4      | 2411 ||| READING scroll of teleportation.
  2411 | D:4      | Slain by Pikel

Levels and vault maps discovered:
D:1:      wander_arrival_peaceful_grave, layout_rooms, st_stairs_1
D:2:      cheibrodos_helix_gallery, layout_loops_corners
D:3:      layout_loops_ring, grunt_temple_overflow_order_and_chaos_1,
          serial_undead, serial_undead_d, serial_undead_a, serial_undead_a,
          serial_undead_a
D:4:      layout_basic, uniq_robin, uniq_crazy_yiuf_cottage, uniq_pikel

Skill      XL: |  1  2  3  4  5 |
---------------+----------------+-----
Ranged Weapons | 6 7 8 9 |  9.0
Fighting       | |  1.6
Dodging        | |  2.4
Stealth        | |  1.2

Action                     |  1- 3 |  4- 6 || total
---------------------------+-------+-------++-------
   Fire: Shortbow          |   110 |   156 ||   266
    Use: Scroll            |     3 |     8 ||    11
         Potion            |     1 |       ||     1
 Armour: Ring mail         |    11 |    24 ||    35
         Leather armour    |     1 |       ||     1
  Dodge: Dodged            |    20 |    26 ||    46

Table legend:
 A = Non-vault XP
 B = Vault XP
 C = Vault XP percentage of total XP
 D = Non-vault monster count
 E = Vault monster count
 F = Vault count percentage of total count
                 A         B        C        D         E       F
            +---------+---------+-------+---------+---------+-------
      Total |     234 |      49 |  17.3 |      75 |      11 |  12.8
            +---------+---------+-------+---------+---------+-------
        D:1 |      33 |       3 |   8.3 |      19 |       2 |   9.5
        D:2 |      58 |       3 |   4.9 |      22 |       2 |   8.3
        D:3 |     110 |      43 |  28.1 |      27 |       7 |  20.6
        D:4 |      33 |       0 |   0.0 |       7 |       0 |   0.0
            +---------+---------+-------+---------+---------+-------
